 Dungeon Crawl Stone Soup version 0.29.1-15-g9cfb28693d (webtiles) character file.

Game seed: 6029644990095679249

46 Gumption the Chopper (level 3, -3/33 HPs)
             Began as a Minotaur Berserker on Mar 20, 2023.
             Was a Follower of Trog.
             Slain by an orc priest
             ... wielding a +2 falchion of flaming
              (6 damage)
             ... on level 3 of the Dungeon.
             The game lasted 00:11:25 (1726 turns).

Gumption the Chopper (Minotaur Berserker)           Turns: 1726, Time: 00:11:25

Health: -3/33      AC:  5    Str: 23    XL:     3   Next: 44%
Magic:  2/2        EV: 11    Int:  4    God:    Trog [*.....]
Gold:   70         SH:  0    Dex:  9    Spells: 2/2 levels left

rFire   . . .      SeeInvis .   a - +0 hand axe
rCold   . . .      Faith    .   (no shield)
rNeg    . . .      Spirit   .   d - +0 ring mail
rPois   .          Reflect  .   (helmet restricted)
rElec   .          Harm     .   (no cloak)
rCorr   .          Rampage  .   (no gloves)
Will    .....                   (no boots)
Stlth   ..........              (no amulet)
HPRegen 0.11/turn               c - ring of flight
MPRegen 0.08/turn               (no ring)

@: flying
A: horns 2, retaliatory headbutt
a: Renounce Religion, Berserk


You were on level 3 of the Dungeon.
You worshipped Trog.
Trog was aware of your devotion.
You visited 1 branch of the dungeon, and saw 3 of its levels.

You collected 100 gold pieces.
You spent 30 gold pieces at shops.

Inventory:

Hand Weapons
 a - a +0 hand axe (weapon)
 g - a +0 war axe
Missiles
 f - a poisoned dart (quivered)
 h - 2 curare-tipped darts
Armour
 b - a +0 animal skin
 d - a +0 ring mail (worn)
Jewellery
 c - a ring of flight (left hand)
Scrolls
 l - 2 scrolls of identify {unknown}
 m - a scroll of enchant weapon {unknown}
 n - a scroll of poison {unknown}
 o - a scroll of teleportation {unknown}
 p - a scroll of fog {unknown}
 q - a scroll of enchant armour {unknown}
Potions
 e - 3 potions of curing
 i - a potion of attraction {unknown}
 j - 3 potions of might {unknown}
 k - a potion of cancellation {unknown}


   Skills:
 + Level 4.1 Fighting
 * Level 4.7 Axes
 + Level 3.1 Armour
 - Level 2.1 Dodging


You had 2 spell levels left.
You didn't know any spells.
Your spell library was empty.

Dungeon Overview and Level Annotations

Branches:
Dungeon (3/15)

Altars:

Shops:
D:1 *


Innate Abilities, Weirdness & Mutations

You have a pair of horns on your head.
You reflexively headbutt those who attack you in melee.


Message History

Trog accepts your kill. The orc hits you but does no damage.
The orc closely misses you. You furiously retaliate!
You headbutt the orc!
You kill the orc!
Trog accepts your kill. The orc hits you with a +0 club.
Items here: )) [ †††.
You hit the orc priest. Your headbutt misses the orc priest.
The orc priest is moderately wounded.
You hit the orc.
The orc priest hits you with a +2 falchion of flaming.
The orc priest burns you. The orc hits you with a +0 club.
You hit the orc priest but do no damage.
Your headbutt misses the orc priest.
The orc priest is moderately wounded.
You hit the orc.
You kill the orc!
Trog accepts your kill.
The orc priest hits you with a +2 falchion of flaming!
The orc priest burns you.
* * * LOW HITPOINT WARNING * * *
You slash the orc priest!
The orc priest is almost dead.
The orc priest closely misses you.
You barely miss the orc priest.
The orc priest is almost dead.
The orc priest hits you with a +2 falchion of flaming.
* * * LOW HITPOINT WARNING * * *
The orc priest burns you.
* * * LOW HITPOINT WARNING * * *
You closely miss the orc priest.
The orc priest is almost dead.
The orc priest hits you with a +2 falchion of flaming.
* * * LOW HITPOINT WARNING * * *
The orc priest burns you.
* * * LOW HITPOINT WARNING * * *
You barely miss the orc priest.
The orc priest is almost dead.
The orc priest hits you with a +2 falchion of flaming.
You die...

.>... #.#.#
##?#.. #.... .##
#.).# .((.##...#
#
.......).##..###
......o@<.......
......#)########
..... #.# ....
..# ... .### ..
.# . .. ..


You could see an orc priest.

Vanquished Creatures
  An adder (D:2)
  A dart slug (D:2)
  4 orcs (D:3)
  2 endoplasms
  A giant cockroach (D:1)
  4 hobgoblins
  4 kobolds (D:2)
  6 ball pythons
  2 frilled lizards
  2 goblins
  4 rats
31 creatures vanquished.

Notes
Turn   | Place    | Note
-------+----------+-------------------------------------------
     0 | D:1      | Gumption the Minotaur Berserker began the quest for the
                  | Orb.
     0 | D:1      | Reached XP level 1. HP: 19/19 MP: 0/0
   220 | D:1      | Found Coiroevy's General Store.
   334 | D:1      | Found a faded altar of an unknown god.
   670 | D:1      | Bought a potion of curing for 30 gold pieces
   766 | D:1      | Reached XP level 2. HP: 27/27 MP: 1/1
  1231 | D:2      | Reached XP level 3. HP: 29/33 MP: 2/2
  1726 | D:3      | Slain by an orc priest

Illustrated notes

Levels and vault maps discovered:
D:1:      eino_arrival_cavern_a, layout_basic, serial_shops, shop,
          shapermc_ecumenical_altar_flowoftime, chequers_serial_rivers_large_b
D:2:      layout_rooms, minmay_misc_feat_tower
D:3:      minmay_spotlight, layout_rooms, serial_bayou_pond_d,
          amcnicky_mini_rare_corridor_liquid

Skill      XL: |  1  2 |
---------------+-------+-----
Axes           | 4 |  4.7
Fighting       | 4 |  4.1
Armour         | 3 |  3.1
Dodging        | |  2.1

Action                   || total
-------------------------++-------
Melee: Hand axe          ||    72
       Headbutt          ||    11
Throw: Dart              ||     2
Armor: Ring mail         ||    18
       Animal skin       ||     2
Dodge: Dodged            ||    41
